 Dungeon Crawl Stone Soup version 0.20-a0-544-g2b9a704 (webtiles) character file.

93 HallandMoats the Skirmisher (level 4, -6/37 HPs)
             Began as a Mummy Monk on Jan 31, 2017.
             Was a Believer of Okawaru.
             Mangled by an ogre
             ... wielding a +0 giant club
              (11 damage)
             ... on level 3 of the Dungeon.
             The game lasted 00:03:45 (3045 turns).

HallandMoats the Skirmisher (Mummy Monk)            Turns: 3045, Time: 00:03:45

Health: -6/37      AC:  2    Str: 15    XL:     4   Next: 37%
Magic:  4/4        EV: 13    Int:  9    God:    Okawaru [**....]
Gold:   74         SH:  0    Dex: 14    Spells: 3/3 levels left

rFire    x . .     SeeInvis +   a - +0 falchion
rCold    + . .     Gourm    .   b - +0 robe
rNeg     + + +     Faith    .   (no shield)
rPois    ∞         Spirit   .   (no helmet)
rElec    .         Reflect  .   (no cloak)
rCorr    .         Harm     .   (no gloves)
MR       .....                  (no boots)
Stlth    ++........             (no amulet)
Regen    0.2/turn               (no ring)
                                f - ring of see invisible

@: no status effects
A: no food or potions, fire vulnerability, cold resistance 1, negative energy
resistance 3, torment resistance, unbreathing
a: Heroism, Renounce Religion


You were on level 3 of the Dungeon.
You worshipped Okawaru.
Okawaru was pleased with you.
You were not hungry.

You visited 1 branch of the dungeon, and saw 3 of its levels.

You collected 74 gold pieces.

Inventory:

Hand Weapons
 a - a +0 falchion (weapon)
Armour
 b - a +0 robe (worn)
Jewellery
 f - a ring of see invisible (left hand)
Scrolls
 c - 5 scrolls of teleportation {unknown}
 d - 3 scrolls of enchant armour {unknown}
 e - 3 scrolls of identify {unknown}


   Skills:
 * Level 3.9 Fighting
 * Level 3.0 Long Blades
 + Level 0.5 Armour
 + Level 2.8 Dodging
 - Level 1.7 Stealth
 * Level 0.5 Invocations


You had 3 spell levels left.
You didn't know any spells.

Dungeon Overview and Level Annotations

Branches:
Dungeon (3/15)

Altars:
Kikubaaqudgha
Okawaru
Vehumet


Innate Abilities, Weirdness & Mutations

You do not eat or drink.
Your flesh is vulnerable to fire.
You are immune to poison.
Your flesh is cold resistant. (rC+)
You are immune to negative energy. (rN+++)
You are immune to unholy pain and torment.
You can survive without breathing.


Message History

You barely miss the ogre.
The ogre is lightly wounded.
The ogre hits you with a giant club!
* * * LOW HITPOINT WARNING * * *
You closely miss the ogre.
The ogre is lightly wounded.
The ogre barely misses you.
You see here an adder corpse.
There is a stone staircase leading up here.
You climb upwards.
There is a stone staircase leading down here.
You start resting.
HP restored.
You start waiting.
Done waiting.
You climb downwards.
The ogre hits you with a giant club!!
Ouch! That really hurt!
* * * LOW HITPOINT WARNING * * *
The ogre hits you with a giant club!
You die...

#..# ######.#
...#########.#######
..............(....#
#######.###.######.#
#.# #.# ###.# #.#
#.. ..#.#
#######.###### #.#.#
...........# #.#.#
##########.# #@#.#
#.# #O#.# #.# #.#.#
... #.#####.#.###
### #...........#
######....#.#
#....#.†#.#
#.##...##.#
#.###...#.##


You could see an ogre.

Vanquished Creatures
  3 adders
  2 oozes
  A dart slug (D:2)
  3 leopard geckos
  3 giant cockroaches
  6 goblins
  8 hobgoblins
  2 jackals (D:1)
  7 kobolds
  3 ball pythons
  7 bats
  3 frilled lizards (D:1)
  5 rats
53 creatures vanquished.

Notes
Turn   | Place    | Note
-------+----------+-------------------------------------------
     0 | D:1      | HallandMoats the Mummy Monk began the quest for the Orb.
     0 | D:1      | Reached XP level 1. HP: 18/18 MP: 1/1
   205 | D:1      | Reached XP level 2. HP: 24/24 MP: 2/2
   883 | D:1      | Reached XP level 3. HP: 25/29 MP: 3/3
  1573 | D:2      | Found an iron altar of Okawaru.
  1587 | D:2      | Became a worshipper of Warmaster Okawaru
  1587 | D:2      | Reached * piety under Okawaru
  1587 | D:2      | Reached ** piety under Okawaru
  2277 | D:3      | Found a radiant altar of Vehumet.
  2564 | D:3      | Reached XP level 4. HP: 37/37 MP: 4/4
  2611 | D:3      | Found an ancient bone altar of Kikubaaqudgha.
  2673 | D:3      | Noticed an ogre
  3045 | D:3      | Mangled by an ogre

Vault maps used:
D:1:      erik_arrival_blinker_ship
D:2:      okawaru_ov_weapons_minmay
D:3:      lemuel_crystal_altar, hangedman_ru_absence, kiku_gazebo_pond_becter,
          uniq_grinder

Skill      XL: |  1  2  3  4 |
---------------+-------------+-----
Long Blades    | 3 |  3.0
Fighting       | |  3.9
Armour         | |  0.5
Dodging        | |  2.8
Stealth        | |  1.7
Invocations    | |  0.5

Action                   |  1- 3 |  4- 6 || total
-------------------------+-------+-------++-------
Melee: Falchion          |   129 |    28 ||   157
Invok: Heroism           |       |     1 ||     1
 Stab: Sleeping          |     7 |     1 ||     8
Armor: Robe              |    36 |     2 ||    38
Dodge: Dodged            |   132 |    18 ||   150
       Rpst.: Falchion   |    39 |     8 ||    47
